Map: Dusk Towers

Players

DarkHydra - Winner!

  • Race: Terran Terran
  • League: Grandmaster

SirRobin

  • Race: Zerg Zerg
  • League: Platinum

Event: Gauntlet LotV Series 1 Qualifier 2

VOD

Have the link to the VOD?

Description

Time

  • Played on: Dec. 5, 2015, 2:40 p.m.
  • Length: 26:43

All games in this series

Show
View Real Time Build Order
Export as new Build Order

DarkHydra Terran - Winner!

Build Orders: Reaper Expand, Bio Mine 

Get SALT Encoding   

  12  0:00  SCV  
  13  0:13  SCV  
  14  0:19  Supply Depot  
  14  0:25  SCV  
  15  0:40  SCV  
  16  0:42  Barracks  
  16  0:44  Refinery  
  16  0:53  SCV  
  17  1:05  SCV  
  18  1:17  SCV  
  19  1:30  Reaper, Orbital Command  
  20  1:42  Command Center  
  20  1:54  Supply Depot  
  20  1:57  SCV  
  21  2:05  Marine  
  22  2:09  SCV  
  23  2:18  Factory  
  23  2:21  SCV  
  23  2:22  Refinery  
  24  2:25  Barracks Reactor  
  24  2:33  SCV  
  25  2:45  SCV  
  26  2:57  SCV  
  27  3:04  Command Center  
  27  3:09  SCV  
  28  3:14  Hellion x2  
  28  3:18  Barracks Tech Lab  
  32  3:20  Starport  
  32  3:24  SCV  
  33  3:28  Orbital Command  
  33  3:36  SCV  
  33  3:38  Widow Mine  
  33  3:39  Widow Mine  
  33  3:40  Marine  
  39  3:48  SCV  
  39  3:52  Supply Depot  
  39  3:53  SCV  
  41  3:56  Medivac  
  41  4:01  SCV  
  44  4:12  Liberator  
  44  4:13  SCV x2  
  46  4:17  Orbital Command  
  46  4:25  SCV x2  
  51  4:37  SCV, Siege Tank, Marine x2  
  51  4:38  SCV  
  56  4:45  SCV  
  56  4:49  SCV  
  56  4:50  SCV  
  58  4:54  Barracks x2  
  58  4:55  Barracks  
  58  4:56  Marine x2  
  58  4:57  SCV  
  59  5:02  SCV x2  
  59  5:04  Refinery  
  59  5:05  Refinery  
  59  5:06  Supply Depot  
  61  5:10  SCV  
  60  5:28  SCV  
  60  5:29  SCV x2  
  60  5:32  Starport Reactor  
  60  5:33  Siege Tank, Marine x2  
  64  5:36  Orbital Command  
  64  5:40  SCV  
  64  5:41  Supply Depot, SCV  
  66  5:46  Barracks Reactor, Barracks Tech Lab x2  
  66  5:51  Marine x2  
  66  5:55  SCV x2  
  70  6:01  Supply Depot  
  70  6:02  Supply Depot  
  70  6:03  Supply Depot, Engineering Bay x2  
  71  6:04  SCV  
  71  6:07  SCV  
  71  6:08  SCV  
  71  6:10  Combat Shields  
  71  6:11  Stimpack, Medivac x2  
  71  6:16  SCV  
  71  6:17  Marine x3  
  71  6:18  Marine  
  80  6:20  SCV x2  
  82  6:26  Supply Depot  
  82  6:27  Supply Depot  
  82  6:28  SCV  
  82  6:30  Terran Infantry Weapons Level 1, Terran Infantry Armor Level 1  
  82  6:32  SCV, Armory  
  84  6:40  Marine x3  
  84  6:41  Medivac, Marine x3  
  92  6:53  SCV x3  
  92  6:54  Bunker  
  95  6:57  Command Center  
  95  6:58  Marine x4  
  95  6:59  Marine x2  
  101  7:05  SCV x2, Barracks  
  101  7:07  Barracks  
  103  7:09  Medivac  
  103  7:11  Medivac  
  103  7:14  SCV, Refinery x2  
  108  7:17  SCV  
  108  7:18  SCV  
  108  7:21  Missile Turret  
  110  7:25  Liberator x2  
  110  7:31  Marine x6  
  116  7:40  SCV x3  
  125  7:44  Missile Turret  
  125  7:46  Missile Turret  
  125  7:47  Missile Turret, Terran Vehicle Weapons Level 1  
  125  7:50  Supply Depot  
  125  7:51  Supply Depot, Missile Turret  
  125  7:53  Missile Turret  
  125  7:55  Missile Turret  
  125  8:00  Supply Depot x2  
  125  8:08  SCV x3, Marine, Widow Mine  
  125  8:12  Marine x3  
  132  8:14  Barracks Reactor x2, Liberator x2  
  132  8:19  Starport  
  134  8:22  Factory  
  134  8:24  Supply Depot  
  134  8:25  Supply Depot  
  134  8:31  Supply Depot  
  140  8:36  Planetary Fortress  
  140  8:38  SCV x3  
  140  8:40  Widow Mine  
  145  8:50  SCV x3  
  148  9:02  SCV  
  149  9:04  Starport Tech Lab  
  149  9:06  Missile Turret x3  
  149  9:07  Missile Turret  
  149  9:08  Missile Turret  
  149  9:10  Missile Turret, Fusion Core  
  149  9:11  Widow Mine  
  149  9:12  Factory Reactor, Drilling Claws  
  149  9:15  Liberator x3  
  145  9:21  Marine x2  
  145  9:22  Marine x8  
  155  9:29  Missile Turret  
  155  9:31  Missile Turret x2  
  155  9:36  SCV x3  
  167  9:39  SCV, Missile Turret  
  167  9:42  Refinery, Widow Mine  
  167  9:43  Refinery, Missile Turret  
  170  9:48  SCV  
  170  9:49  Supply Depot  
  170  9:50  Terran Infantry Weapons Level 2, Terran Infantry Armor Level 2  
  170  9:51  Terran Ship Weapons Level 1  
  171  9:57  Liberator  
  171  10:03  Advanced Ballistics  
  171  10:05  Liberator x2  
  169  10:12  Missile Turret  
  169  10:13  Missile Turret x2  
  167  10:14  Missile Turret  
  167  10:15  Missile Turret  
  176  10:31  Marine x8  
  176  10:32  Marine x2  
  176  10:34  Command Center  
  186  10:40  Liberator  
  183  10:53  Command Center  
  183  10:54  Command Center  
  186  11:08  Widow Mine x3  
  186  11:09  Marine x7  
  186  11:10  Marine  
  200  11:39  Liberator x3  
  159  11:53  Marine x10  
  135  11:56  Widow Mine  
  135  11:57  Widow Mine x2  
  150  12:09  Orbital Command x2  
  150  12:10  Marine  
  150  12:11  Marine x9  
  160  12:20  Barracks x2  
  160  12:22  Barracks x2  
  160  12:28  Marine  
  160  12:29  Marine x3  
  164  12:32  Marine  
  164  12:33  Marine x5  
  164  12:34  Terran Infantry Weapons Level 3, Terran Infantry Armor Level 3  
  146  12:46  Marine  
  146  12:47  Marine x3  
  146  12:48  Medivac x2  
  146  12:49  Medivac  
  146  12:50  Marine  
  146  12:51  Marine x2  
  108  12:59  Marine  
  100  13:08  Widow Mine  
  100  13:09  Widow Mine x2  
  100  13:10  Planetary Fortress  
  103  13:12  SCV  
  103  13:13  SCV x5  
  103  13:18  Missile Turret, Medivac  
  103  13:19  Marine x5  
  115  13:36  Missile Turret  
  115  13:37  Marine x2, Missile Turret, Widow Mine  
  115  13:38  Missile Turret, Marine x5  
  124  13:41  Medivac x2  
  124  14:00  Medivac  
  124  14:01  Marine  
  124  14:02  Marine x7  
  134  14:03  Widow Mine x2  
  134  14:05  Widow Mine  
  134  14:09  SCV x6  
  144  14:11  Medivac  
  144  14:12  SCV  
  147  14:18  Terran Ship Weapons Level 2  
  147  14:21  SCV  
  148  14:26  Sensor Tower  
  135  14:33  Liberator x2  
  135  14:34  Liberator  
  135  14:36  Marine  
  135  14:37  Marine x9  
  119  14:40  Refinery  
  119  14:43  Marine x2  
  119  14:44  Refinery  
  126  14:56  Missile Turret x2  
  126  15:12  Marine  
  126  15:13  Marine x11  
  126  15:14  Marine x2  
  140  15:15  Command Center  
  140  15:16  Widow Mine x3  
  140  15:19  Liberator  
  140  15:20  Liberator  
  146  15:25  Building Armor, Hi-Sec Auto Tracking  
  146  15:30  Marine x2  
  146  15:31  Marine x2  
  146  15:32  Marine  
  146  15:33  Marine x7  
  157  15:40  Liberator  
  163  15:50  Sensor Tower  
  163  15:55  Marine  
  163  15:56  Marine x13  
  180  16:13  Marine  
  180  16:14  Marine x6  
  187  16:21  Liberator x2  
  187  16:23  Liberator  
  179  16:36  Marine x10  
  179  16:37  Marine x2  
  198  16:50  Marine x2  
  200  17:04  Liberator x2  
  193  17:14  Starport  
  192  17:18  Starport  
  198  17:35  Planetary Fortress  
  198  17:36  Marine  
  198  17:37  Marine  
  195  17:59  Terran Ship Weapons Level 3  
  195  18:00  Missile Turret  
  195  18:02  Missile Turret  
  195  18:03  Missile Turret x2  
  195  18:06  Missile Turret  
  191  18:14  Marine x4, Medivac  
  191  18:15  Marine x2  
  187  18:32  Marine  
  187  18:33  Marine x5  
  193  18:35  Medivac x2  
  190  18:57  Marine x6  
  190  18:58  Marine x2  
  193  19:08  Marine x5  
  168  19:21  Marine  
  168  19:22  Marine x8  
  152  19:26  Marine x5  
  152  19:27  Liberator x4  
  152  19:29  Widow Mine x2  
  152  19:30  Widow Mine  
  161  19:39  Marine  
  161  19:40  Marine x8  
  161  19:41  Command Center x2  
  161  19:42  Command Center  
  161  19:45  Command Center  
  182  19:49  Refinery x2  
  180  20:07  Barracks Tech Lab x4, Marauder x2  
  172  20:08  Liberator  
  172  20:10  Liberator x2  
  172  20:26  Marauder  
  172  20:27  Marine, Marauder x3  
  172  20:28  Marauder, Marine x8  
  192  20:37  Terran Vehicle And Ship Armor Level 1  
  192  20:38  Refinery  
  192  20:42  Refinery  
  192  20:44  Concussive Shells  
  192  20:45  Starport Reactor x2  
  192  20:46  Marauder  
  192  20:48  Marauder x3  
  200  20:59  Orbital Command x2  
  200  21:00  Orbital Command x2  
  200  21:03  Missile Turret  
  200  21:04  Missile Turret  
  200  21:05  Missile Turret  
  200  21:06  Missile Turret  
  200  21:21  Ghost Academy  
  189  21:30  Liberator  
  189  21:31  Liberator x4  
  183  21:57  Marine x7  
  183  21:58  Marine  
  183  21:59  Medivac x2, Marauder  
  183  22:00  Marauder x2  
  121  22:25  Ghost Academy, Ghost  
  121  22:26  Ghost x5  
  121  22:27  Marine x2  
  121  22:28  Marine x3  
  121  22:29  Medivac x2  
  142  22:39  Liberator x4  
  142  22:47  Marine  
  142  22:48  Marine x6  
  149  22:54  Ghost  
  163  23:00  Orbital Command  
  163  23:01  Liberator x3  
  163  23:02  Marauder x4  
  168  23:13  Marine x5  
  168  23:14  Marine x3  
  168  23:15  Marauder  
  178  23:22  Liberator  
  178  23:23  Marauder x2  
  178  23:24  Marauder x2  
  178  23:26  Liberator x2  
  178  23:27  Liberator  
  180  23:28  Marauder  
  180  23:29  Orbital Command  
  180  23:31  Marine x2  
  184  23:34  Personal Cloaking, Nuke  
  184  23:36  Marauder  
  189  23:45  Marauder  
  200  23:51  Liberator  
  152  24:34  Marine x10  
  152  24:35  Marauder, Marine x3  
  161  24:51  Marine  
  161  24:52  Marine x3  
  162  24:53  Marauder x5  
  162  24:55  Marine x4  
  162  24:56  Marine  
  151  25:00  Medivac  
  151  25:01  Medivac x6  
  151  25:09  Marine x2  
  151  25:10  Marine x2  
  151  25:12  Marine  
  151  25:13  Widow Mine x3, Marine x3  
  151  25:14  Marine x6  
  165  25:27  Marine x2  
  165  25:28  Marine x2  
  169  25:30  Medivac, Marine x2  
  169  25:32  Marauder x5  
  183  25:41  Widow Mine x2  
  187  25:59  Marine x5  
  187  26:00  Marauder x2, Marine  
  197  26:20  Marine x3  
Show
View Real Time Build Order
Export as new Build Order

SirRobin Zerg 

Build Orders: Hatch First, Muta Ling Bane 

Get SALT Encoding   

  12  0:01  Drone  
  13  0:07  Drone  
  14  0:17  Overlord  
  14  0:25  Drone, Extractor  
  15  0:35  Drone x2  
  17  0:52  Hatchery  
  17  0:54  Drone  
  17  0:58  Drone  
  18  1:10  Spawning Pool  
  17  1:12  Extractor  
  17  1:15  Drone  
  17  1:18  Drone  
  18  1:26  Drone  
  19  1:41  Hatchery  
  19  1:44  Drone  
  19  1:48  Drone  
  20  1:59  Queen  
  22  2:05  Queen  
  24  2:09  Drone  
  24  2:15  Overlord  
  25  2:18  Drone  
  25  2:22  Drone  
  27  2:24  Drone  
  28  2:42  Queen  
  30  2:48  Overlord  
  30  2:52  Metabolic Boost  
  30  3:02  Drone x2  
  30  3:04  Drone  
  33  3:09  Drone  
  33  3:10  Drone  
  35  3:14  Drone x2  
  35  3:18  Queen  
  39  3:20  Overlord  
  39  3:24  Drone x2  
  41  3:28  Drone  
  41  3:30  Overlord  
  42  3:36  Overlord  
  42  3:42  Zergling x8  
  42  3:45  Drone  
  42  3:46  Drone  
  48  3:49  Evolution Chamber  
  48  3:50  Drone  
  48  3:51  Drone  
  48  3:55  Drone x2  
  51  4:16  Zergling x16  
  59  4:20  Overlord  
  59  4:21  Drone x3  
  59  4:23  Zerg Ground Armor Level 1  
  59  4:36  Drone x7  
  65  4:40  Extractor  
  65  4:43  Drone x3  
  65  4:44  Lair  
  67  4:48  Extractor  
  67  4:49  Queen  
  68  4:57  Drone x4  
  72  5:01  Extractor  
  72  5:03  Spore Crawler  
  72  5:04  Drone x2  
  72  5:05  Drone, Baneling Nest  
  72  5:08  Overlord  
  72  5:09  Extractor  
  62  5:40  Drone x3  
  62  5:41  Drone  
  66  5:42  Spore Crawler  
  66  5:43  Drone  
  66  5:44  Drone x13  
  79  5:56  Overlord, Drone  
  79  5:57  Drone x2  
  79  6:06  Spire, Extractor  
  74  6:29  Zerg Melee Weapons Level 1  
  74  6:30  Drone x3  
  77  6:46  Queen  
  77  6:47  Overlord  
  77  6:49  Zergling x2  
  77  6:50  Zergling x24  
  77  6:51  Overlord x2  
  77  6:52  Overlord  
  90  7:05  Overlord x2  
  90  7:06  Hatchery, Overlord x2  
  89  7:11  Drone x3  
  89  7:13  Drone x3  
  89  7:14  Drone  
  96  7:33  Queen x2  
  96  7:34  Zerg Flyer Weapons Level 1  
  100  7:40  Drone x9  
  109  7:44  Mutalisk  
  109  7:45  Mutalisk x4  
  119  8:01  Overlord  
  119  8:04  Mutalisk  
  119  8:05  Mutalisk x8  
  121  8:08  Overlord x2  
  121  8:09  Mutalisk  
  121  8:11  Mutalisk  
  141  8:21  Overlord  
  141  8:22  Mutalisk x3  
  147  8:27  Drone  
  147  8:28  Drone x3  
  147  8:33  Centrifical Hooks, Zerg Melee Weapons Level 2  
  151  8:48  Overlord, Drone  
  151  8:49  Drone x3  
  155  9:00  Extractor  
  154  9:02  Extractor  
  154  9:03  Overlord  
  154  9:04  Mutalisk x2  
  154  9:05  Mutalisk x4  
  154  9:06  Zergling x2  
  154  9:07  Zergling x26  
  179  9:27  Mutalisk  
  179  9:28  Mutalisk x2  
  179  9:30  Overlord  
  183  9:35  Zerg Flyer Weapons Level 2  
  183  9:36  Spine Crawler  
  182  9:39  Drone x3  
  185  9:48  Overlord  
  185  9:55  Hatchery  
  185  9:59  Overlord, Mutalisk x3  
  184  10:00  Mutalisk x2  
  184  10:04  Hatchery  
  189  10:12  Pneumatized Carapace, Overseer x2  
  189  10:13  Overseer  
  189  10:25  Overlord  
  189  10:26  Zergling x4  
  189  10:27  Zergling x2  
  189  10:28  Baneling x4  
  192  10:29  Baneling x12  
  192  10:30  Baneling  
  192  10:31  Zergling x12  
  192  10:32  Zergling x4  
  200  10:40  Extractor  
  199  10:42  Evolution Chamber  
  199  10:45  Extractor  
  199  10:46  Extractor  
  196  10:51  Extractor  
  193  11:10  Overlord, Drone  
  194  11:13  Spine Crawler  
  194  11:15  Spore Crawler  
  192  11:18  Baneling  
  192  11:19  Baneling x18  
  192  11:20  Baneling x7  
  192  11:21  Baneling x4  
  192  11:29  Overlord  
  160  11:52  Mutalisk  
  160  11:53  Mutalisk x9  
  142  11:55  Zergling x2  
  142  11:56  Zergling x52  
  142  11:58  Overseer  
  169  12:01  Drone x3  
  172  12:20  Drone x2  
  172  12:21  Mutalisk x3  
  178  12:23  Zergling x2  
  178  12:24  Zergling x18  
  178  12:26  Baneling x12  
  178  12:27  Baneling x10  
  178  12:28  Zergling x2  
  174  12:49  Zergling x28  
  143  13:07  Mutalisk x6  
  153  13:14  Zerg Ground Armor Level 2, Zerg Flyer Armor Level 1  
  153  13:25  Zergling x28  
  153  13:26  Zergling x12  
  173  13:27  Baneling x6  
  173  13:28  Baneling x13  
  173  13:40  Zergling x2  
  173  13:41  Zergling x14  
  181  13:46  Infestation Pit  
  169  14:09  Overlord, Overseer x2  
  169  14:10  Overseer  
  169  14:11  Zergling x2  
  169  14:12  Zergling x38  
  169  14:14  Baneling x2  
  169  14:15  Baneling x4  
  124  14:43  Mutalisk x3  
  124  14:44  Mutalisk x8  
  140  14:54  Drone  
  141  15:07  Hive  
  141  15:08  Zerg Flyer Armor Level 2  
  141  15:10  Mutalisk x3  
  141  15:12  Baneling  
  141  15:13  Baneling x5  
  141  15:14  Baneling x2  
  147  15:15  Baneling x2  
  147  15:16  Baneling  
  147  15:26  Mutalisk x4  
  155  15:44  Drone x2  
  155  15:49  Zergling x2  
  158  15:50  Zergling x38  
  158  15:53  Baneling x6  
  158  15:54  Baneling x2  
  158  15:55  Baneling x2  
  158  15:56  Baneling  
  177  16:00  Baneling x2  
  177  16:01  Baneling x4  
  166  16:37  Hatchery  
  165  16:45  Hatchery  
  165  16:46  Zerg Melee Weapons Level 3, Adrenal Glands, Ultralisk Cavern  
  163  16:47  Zerg Ground Armor Level 3  
  163  16:49  Zergling x18  
  163  16:50  Zergling x2  
  163  16:52  Baneling  
  163  16:53  Baneling x4  
  170  17:11  Overseer  
  170  17:15  Zergling x26  
  175  17:16  Zergling x2  
  182  17:31  Mutalisk x5  
  182  17:33  Chitinous Plating  
  192  17:43  Ultralisk  
  198  17:52  Baneling x2  
  198  17:54  Baneling x4  
  198  17:55  Baneling  
  195  18:12  Ultralisk x2  
  186  18:28  Ultralisk x2  
  155  19:22  Viper x3  
  155  19:23  Viper  
  130  19:24  Mutalisk x4  
  130  19:25  Mutalisk x7  
  152  19:40  Drone x3  
  152  19:41  Queen  
  152  19:42  Queen  
  150  20:09  Extractor  
  150  20:11  Extractor  
  142  20:24  Mutalisk  
  142  20:25  Mutalisk x4  
  142  20:27  Zergling x2  
  142  20:28  Zergling x34  
  159  20:29  Zergling x58  
  159  20:30  Zergling x2  
  199  20:52  Baneling x11  
  199  21:16  Spine Crawler  
  87  22:23  Mutalisk  
  87  22:24  Mutalisk x7  
  100  22:31  Zergling x6  
  100  22:32  Zergling x40  
  100  22:33  Queen x3  
  129  22:37  Drone x2  
  129  22:38  Drone, Queen  
  134  22:49  Viper  
  137  22:56  Overseer  
  137  22:58  Zergling x10  
  138  22:59  Zergling x12  
  138  23:01  Baneling  
  138  23:02  Baneling x4  
  147  23:22  Baneling x3  
  147  23:23  Baneling x4  
  147  23:32  Drone x3  
  147  23:33  Drone  
  151  23:41  Viper  
  154  23:53  Baneling x4  
  154  23:54  Baneling  
  154  23:55  Hatchery  
  137  23:56  Zergling x2  
  137  23:57  Zergling x32  
  88  24:33  Zergling x24  
  88  24:34  Zergling x12  
  83  25:05  Viper x2  
  83  25:06  Viper  
  88  25:15  Ultralisk x2  
  88  25:20  Drone x2  
  100  25:26  Viper  
  103  25:31  Overseer  
  103  25:38  Baneling x4  
  103  25:43  Drone  
  104  26:02  Ultralisk  
  110  26:11  Baneling  
  110  26:12  Baneling x6  
  110  26:13  Zergling x12  
Tags
 
Add a new tag
Caveats
  • Supply blocks, unpowered buildings, or Contaminate may cause inaccurate times.
  • Supply counts are checked every 10 seconds.